Map: Eternal Empire LE

Players

NeoBlade

  • Race: Protoss Protoss
  • League: Platinum
  • Spawn Location: 7:00

A.I. 1 (Elite) - Winner!

  • Race: Terran Terran
  • Spawn Location: 1:00

VOD

Have the link to the VOD?

Description

PartinG vs Maru, Winner: PartinG | 4Gate Blink-Pressure on two bases with 41 probes

Time

  • Played on: June 6, 2020, 10:42 a.m.
  • Length: 5:51
Show
View Real Time Build Order
Export as new Build Order

NeoBlade Protoss 

Build Orders: 1 Gate Expand, Blink Stalkers 

Get SALT Encoding   

  12  0:01  Probe  
  13  0:13  Probe  
  14  0:19  Pylon  
  14  0:25  Probe (Chrono Boost)  
  15  0:37  Gateway  
  16  0:42  Probe (Chrono Boost)  
  16  0:47  Probe (Chrono Boost)  
  16  0:48  Assimilator  
  17  0:58  Probe (Chrono Boost)  
  18  1:10  Probe (Chrono Boost)  
  19  1:16  Probe (Chrono Boost)  
  20  1:25  Cybernetics Core  
  20  1:35  Nexus  
  20  1:41  Pylon  
  20  1:44  Probe  
  21  1:55  Assimilator  
  21  2:00  Adept (Chrono Boost)  
  23  2:01  Warp Gate  
  23  2:09  Probe  
  24  2:21  Probe, Stalker (Chrono Boost)  
  27  2:33  Probe  
  27  2:36  Twilight Council  
  28  2:45  Probe  
  28  2:47  Probe  
  28  2:48  Stalker (Chrono Boost)  
  32  2:57  Probe  
  33  2:59  Probe  
  33  3:05  Robotics Facility  
  34  3:09  Probe  
  34  3:11  Probe  
  36  3:19  Gateway  
  36  3:20  Blink (Chrono Boost)  
  36  3:21  Probe  
  36  3:23  Probe  
  38  3:33  Probe  
  39  3:35  Probe  
  39  3:38  Pylon  
  40  3:45  Probe, Gateway  
  40  3:47  Probe  
  42  3:51  Gateway  
  42  3:58  Stalker, Observer  
  45  4:05  Probe x2  
  45  4:09  Pylon  
  47  4:15  Stalker  
  49  4:17  Probe x2  
  51  4:24  Stalker  
  51  4:27  Warp Prism  
  55  4:32  Pylon  
  55  4:40  Stalker x2  
  59  4:45  Pylon  
  59  4:56  Stalker x2, Gateway  
  63  5:04  Stalker  
  63  5:05  Stalker  
  67  5:08  Probe, Assimilator  
  67  5:09  Probe  
  69  5:20  Probe  
  69  5:21  Probe  
  59  5:35  Stalker x3  
  61  5:36  Probe x2  
  61  5:43  Stalker  
Show
View Real Time Build Order
Export as new Build Order

A.I. 1 (Elite) Terran - Winner!

Build Orders:  

Get SALT Encoding   

  12  0:00  SCV  
  13  0:13  SCV  
  14  0:18  Supply Depot  
  14  0:25  SCV  
  15  0:40  SCV  
  15  0:42  Barracks  
  16  0:52  SCV  
  17  1:04  SCV  
  18  1:16  SCV  
  19  1:21  Command Center  
  19  1:30  Marine  
  20  1:35  Orbital Command  
  20  1:46  Supply Depot  
  20  1:47  Marine  
  20  1:53  Refinery  
  21  2:01  SCV  
  22  2:05  Marine  
  23  2:10  Barracks  
  23  2:13  SCV  
  24  2:18  Refinery  
  24  2:23  Marine  
  24  2:25  SCV  
  26  2:32  Supply Depot  
  26  2:37  SCV  
  26  2:42  Orbital Command  
  27  2:46  Marine  
  27  2:49  SCV  
  29  2:58  Factory  
  29  3:01  SCV  
  29  3:02  Marine  
  31  3:06  Marine  
  31  3:08  SCV  
  33  3:13  SCV  
  34  3:20  SCV, Marine  
  34  3:24  Marine  
  34  3:25  SCV  
  38  3:28  Barracks  
  38  3:32  SCV  
  39  3:38  SCV  
  39  3:39  Barracks Tech Lab  
  40  3:42  Barracks Tech Lab, Factory Tech Lab  
  40  3:44  SCV  
  40  3:47  Starport  
  41  3:50  SCV  
  42  3:56  SCV  
  42  3:57  Marine  
  42  4:00  Stimpack  
  42  4:01  Marine  
  42  4:02  SCV, Combat Shield  
  46  4:05  Supply Depot  
  46  4:11  SCV  
  46  4:14  SCV  
  48  4:17  Marine  
  48  4:18  Marine x2  
  48  4:23  SCV  
  52  4:26  SCV, Supply Depot  
  52  4:28  Medivac  
  55  4:35  SCV  
  55  4:38  SCV  
  57  4:39  Marine  
  57  4:41  Marine, Supply Depot  
  57  4:45  Siege Tank  
  62  4:48  SCV, Marine  
  62  4:50  SCV, Supply Depot  
  65  4:55  Engineering Bay  
  65  4:59  Engineering Bay  
  65  5:01  SCV, Marauder  
  65  5:02  Refinery  
  65  5:05  Marauder  
  70  5:10  SCV, Refinery  
  70  5:13  SCV  
  72  5:21  Marine  
  66  5:23  Marauder  
  66  5:24  SCV  
  66  5:25  SCV  
  66  5:26  Marauder  
  71  5:37  SCV  
  71  5:39  SCV, Supply Depot  
Tags
 
Add a new tag
Caveats
  • Supply blocks, unpowered buildings, or Contaminate may cause inaccurate times.
  • Supply counts are checked every 10 seconds.